Map: [ESL] Cosmic Sapphire

Players

Solar - Winner!

  • Race: Zerg Zerg
  • League: Master
  • Spawn Location: 5:00

Astrea

  • Race: Protoss Protoss
  • League: Grandmaster
  • Spawn Location: 11:00

Event: TSL 9

VOD

Have the link to the VOD?

Description

Time

  • Played on: Aug. 15, 2022, 7:44 a.m.
  • Length: 14:18

All games in this series

Show
View Real Time Build Order
Export as new Build Order

Solar Zerg - Winner!

Build Orders: Hatch First, Lurkers 

Get SALT Encoding   

  12  0:00  Drone  
  13  0:12  Overlord  
  13  0:16  Drone  
  14  0:31  Drone x2  
  16  0:48  Hatchery  
  15  0:51  Drone  
  15  0:54  Drone  
  17  0:57  Drone  
  18  1:08  Extractor  
  17  1:13  Spawning Pool  
  17  1:15  Drone  
  17  1:19  Drone  
  18  1:28  Drone  
  19  1:39  Drone  
  20  1:51  Drone  
  21  2:00  Zergling x2, Queen x2, Overlord  
  26  2:10  Drone  
  26  2:11  Drone  
  26  2:12  Metabolic Boost  
  28  2:22  Zergling x2  
  29  2:23  Drone  
  30  2:32  Hatchery  
  30  2:33  Drone  
  30  2:39  Queen  
  30  2:43  Overlord  
  32  2:48  Drone x2  
  34  2:54  Drone x2  
  36  3:04  Drone  
  36  3:05  Queen, Drone  
  38  3:08  Drone x2  
  42  3:13  Drone  
  42  3:14  Overlord  
  43  3:26  Spore Crawler, Queen  
  44  3:30  Overlord  
  44  3:33  Drone x2  
  46  3:38  Drone x2  
  46  3:39  Drone x3  
  51  3:45  Queen  
  51  3:46  Drone  
  53  3:52  Drone x2  
  53  3:53  Drone x2  
  53  3:57  Spore Crawler  
  53  4:01  Drone x2  
  54  4:12  Overlord  
  54  4:13  Drone x4  
  54  4:15  Drone x2  
  54  4:16  Drone  
  61  4:25  Drone x3  
  61  4:26  Drone  
  61  4:27  Overlord  
  65  4:32  Zergling x2  
  65  4:35  Lair, Roach Warren  
  66  4:38  Zergling x6  
  68  4:48  Extractor  
  68  4:50  Drone x5, Extractor  
  71  4:54  Drone x3  
  71  4:59  Overlord  
  74  5:00  Drone, Extractor  
  74  5:02  Drone  
  74  5:06  Drone x3  
  78  5:12  Drone x2  
  80  5:15  Drone  
  80  5:18  Evolution Chamber  
  80  5:21  Drone, Extractor  
  79  5:22  Extractor  
  79  5:24  Hatchery  
  78  5:29  Drone x4  
  78  5:30  Overlord  
  78  5:32  Zergling x6  
  85  5:36  Roach x2  
  85  5:37  Overlord  
  85  5:40  Glial Reconstitution  
  85  5:41  Overlord  
  85  5:42  Overlord  
  89  5:47  Overlord  
  89  5:49  Roach x2  
  91  5:54  Roach x2  
  91  5:56  Zergling x2  
  95  6:02  Zergling x6  
  97  6:04  Drone  
  97  6:07  Drone  
  97  6:08  Roach x2  
  97  6:09  Zerg Melee Weapons Level 1  
  97  6:10  Drone  
  104  6:12  Baneling Nest  
  104  6:15  Roach x3  
  109  6:19  Zergling x2  
  109  6:27  Roach x2  
  109  6:31  Overlord  
  112  6:36  Zergling x10  
  114  6:40  Drone  
  114  6:41  Drone  
  114  6:42  Drone x5  
  114  6:43  Queen  
  114  6:45  Drone  
  122  6:49  Overlord  
  122  6:51  Zergling x4  
  122  6:53  Drone  
  125  6:57  Centrifugal Hooks  
  125  6:58  Evolution Chamber  
  125  7:01  Zergling x6  
  125  7:02  Drone x3  
  125  7:04  Zergling x2  
  125  7:05  Spore Crawler  
  126  7:10  Zergling x2  
  126  7:11  Zergling x6  
  126  7:13  Roach x3  
  126  7:14  Roach  
  135  7:15  Infestation Pit  
  135  7:16  Zergling x2  
  135  7:17  Overlord  
  135  7:18  Drone  
  136  7:23  Drone  
  136  7:27  Drone  
  141  7:30  Roach x2  
  141  7:34  Drone x2  
  141  7:35  Zerg Ground Armor Level 1, Overlord  
  141  7:36  Drone x2  
  145  7:39  Overlord  
  145  7:40  Roach  
  145  7:41  Roach x2  
  148  7:45  Zergling x6  
  148  7:46  Zergling x2  
  148  7:48  Overlord  
  152  7:52  Overlord  
  152  7:54  Zergling x8, Hive  
  156  8:02  Roach x5  
  156  8:04  Zergling x2  
  162  8:09  Roach x3  
  162  8:10  Hatchery  
  163  8:13  Zergling x8  
  163  8:19  Zergling x8  
  167  8:20  Hydralisk Den  
  167  8:23  Baneling x7  
  167  8:25  Zergling x4, Drone  
  168  8:30  Zergling x8  
  172  8:34  Zergling x2  
  172  8:36  Overseer  
  172  8:37  Zergling x6  
  176  8:41  Baneling x2  
  176  8:42  Baneling x20  
  176  8:43  Zergling x2, Baneling  
  176  8:44  Hatchery  
  176  8:46  Zergling x6  
  179  8:49  Overlord x2  
  179  8:54  Overlord  
  177  8:56  Muscular Augments  
  177  8:58  Lurker Den  
  177  9:00  Zergling x2  
  177  9:01  Overlord  
  176  9:06  Adrenal Glands  
  176  9:09  Drone x2  
  174  9:10  Drone  
  174  9:12  Zergling x16  
  174  9:14  Zerg Melee Weapons Level 2  
  164  9:17  Drone x2  
  164  9:18  Hydralisk x5  
  164  9:25  Zergling x6  
  164  9:27  Hydralisk x2  
  164  9:29  Zerg Missile Weapons Level 1  
  157  9:31  Zergling x2  
  157  9:35  Ravager x2  
  157  9:36  Ravager  
  157  9:37  Zergling x10, Ravager  
  166  9:41  Hydralisk x2  
  166  9:45  Baneling x2  
  170  9:48  Zergling x6  
  170  9:51  Zergling x2  
  171  9:55  Zergling x4  
  173  10:00  Zergling x4  
  173  10:05  Zergling x6  
  173  10:06  Baneling x3  
  176  10:08  Seismic Spines  
  176  10:09  Zergling x14  
  181  10:14  Zergling x2  
  181  10:15  Zergling x12  
  181  10:20  Zergling x6  
  191  10:25  Zergling x4  
  191  10:26  Lurker x7  
  200  10:29  Spore Crawler  
  200  10:31  Spine Crawler x2  
  200  10:32  Baneling x3  
  200  10:34  Zergling x8  
  197  10:36  Zergling x2  
  197  10:40  Zergling x8  
  199  10:43  Zergling x2  
  197  10:51  Zergling x8  
  197  10:53  Zergling x4  
  197  10:54  Zergling x6  
  200  10:57  Grooved Spines  
  199  11:07  Hydralisk x3  
  199  11:13  Hydralisk x2  
  199  11:17  Hatchery  
  199  11:18  Hydralisk  
  197  11:25  Hydralisk  
  193  11:30  Zerg Ground Armor Level 2  
  193  11:31  Hydralisk  
  187  11:34  Zergling x10  
  187  11:35  Zergling x16  
  197  11:42  Adaptive Talons  
  197  11:44  Zergling x8, Hatchery  
  197  11:45  Zergling x2  
  200  11:49  Spore Crawler, Baneling x9  
  200  11:50  Spore Crawler, Zergling x4, Baneling x3  
  198  11:56  Hydralisk x3  
  198  11:59  Zergling x6  
  192  12:02  Extractor x2  
  185  12:10  Zergling x8  
  185  12:13  Baneling x3  
  188  12:17  Hydralisk x3  
  188  12:22  Drone  
  195  12:23  Queen  
  195  12:26  Hydralisk  
  195  12:28  Zergling x2  
  200  12:35  Zergling x2  
  199  12:39  Hydralisk  
  198  12:46  Hydralisk x4  
  198  12:48  Hydralisk  
  198  12:49  Zergling x2, Hydralisk  
  198  12:50  Zergling x2  
  198  12:52  Baneling  
  198  12:53  Baneling x5  
  198  12:54  Zergling x10  
  198  12:59  Hydralisk x2  
  198  13:01  Zergling x2  
  199  13:10  Zergling x6  
  197  13:15  Hydralisk x2  
  197  13:16  Zergling x2  
  197  13:17  Zergling x6  
  199  13:24  Zergling x6  
  199  13:26  Hydralisk x2  
  195  13:31  Zergling x10  
  188  13:35  Zergling x8  
  188  13:38  Zergling x2  
  167  13:43  Zergling x4  
  167  13:47  Zergling x4  
  165  13:49  Hydralisk  
  165  13:51  Hydralisk x6  
  165  13:53  Baneling x7  
  165  13:54  Baneling x5  
  165  13:55  Zergling x4  
  174  13:59  Baneling x7, Hatchery  
Show
View Real Time Build Order
Export as new Build Order

Astrea Protoss 

Build Orders: 1 Gate Expand, Oracle Opening 

Get SALT Encoding   

  12  0:00  Probe  
  13  0:12  Probe  
  14  0:17  Pylon  
  14  0:24  Probe  
  15  0:31  Assimilator  
  15  0:36  Probe (Chrono Boost)  
  15  0:42  Gateway  
  16  0:48  Probe (Chrono Boost)  
  17  0:54  Probe (Chrono Boost)  
  18  1:03  Probe  
  19  1:15  Probe  
  20  1:22  Nexus  
  20  1:31  Cybernetics Core  
  20  1:34  Probe  
  20  1:39  Assimilator  
  21  1:46  Probe  
  22  1:49  Pylon  
  22  1:58  Probe (Chrono Boost)  
  23  2:07  Adept  
  26  2:08  Probe (Chrono Boost)  
  26  2:12  Stargate  
  26  2:13  Probe (Chrono Boost)  
  27  2:19  Warp Gate  
  27  2:25  Probe (Chrono Boost)  
  28  2:33  Probe (Chrono Boost)  
  28  2:36  Probe (Chrono Boost)  
  30  2:37  Stalker  
  30  2:39  Probe  
  33  2:47  Probe  
  34  2:51  Probe  
  34  2:54  Oracle (Chrono Boost)  
  38  2:59  Probe  
  38  3:04  Probe  
  38  3:05  Pylon  
  40  3:11  Probe  
  41  3:16  Probe  
  42  3:21  Oracle (Chrono Boost)  
  42  3:24  Probe  
  46  3:28  Probe  
  46  3:32  Nexus  
  47  3:36  Probe  
  47  3:39  Pylon  
  47  3:40  Probe  
  49  3:46  Twilight Council  
  48  3:48  Probe  
  48  3:54  Probe  
  50  3:58  Assimilator  
  50  4:00  Probe  
  51  4:03  Gateway  
  51  4:04  Gateway  
  51  4:08  Gateway  
  52  4:12  Probe (Chrono Boost)  
  52  4:13  Probe (Chrono Boost), Blink (Chrono Boost)  
  53  4:23  Probe (Chrono Boost)  
  55  4:25  Probe (Chrono Boost)  
  55  4:28  Probe (Chrono Boost)  
  53  4:34  Probe  
  53  4:36  Forge  
  54  4:39  Probe  
  54  4:44  Probe, Stalker  
  58  4:46  Probe  
  58  4:51  Probe  
  60  4:54  Oracle  
  60  4:56  Probe  
  60  4:58  Probe, Stalker x2, Pylon  
  69  5:03  Probe  
  70  5:07  Stalker x2  
  70  5:08  Probe  
  70  5:10  Probe  
  70  5:13  Pylon  
  76  5:14  Protoss Ground Weapons Level 1 (Chrono Boost)  
  76  5:15  Probe  
  76  5:20  Probe  
  78  5:22  Probe  
  78  5:25  Shield Battery  
  78  5:27  Probe  
  78  5:28  Assimilator  
  80  5:32  Probe, Stalker x2  
  85  5:39  Stalker  
  85  5:40  Pylon  
  87  5:48  Nexus  
  85  5:50  Stalker  
  85  5:53  Probe  
  85  5:54  Probe x2  
  90  6:04  Stalker x3  
  90  6:05  Probe  
  90  6:06  Probe x2  
  90  6:09  Pylon  
  99  6:16  Stalker  
  101  6:25  Probe  
  101  6:27  Probe x2  
  101  6:28  Pylon  
  101  6:29  Pylon  
  101  6:30  Assimilator x2  
  101  6:32  Stalker x3  
  109  6:37  Probe  
  109  6:40  Probe  
  109  6:46  Probe  
  110  6:49  Probe  
  110  6:51  Gateway x2, Stalker  
  110  6:52  Probe  
  114  6:54  Gateway  
  114  6:56  Gateway, Stalker x3  
  114  6:58  Probe  
  114  7:00  Protoss Ground Weapons Level 2 (Chrono Boost)  
  114  7:01  Probe x2  
  123  7:04  Probe  
  124  7:11  Probe  
  124  7:13  Probe  
  124  7:15  Pylon  
  126  7:17  Probe  
  126  7:18  Oracle (Chrono Boost)  
  126  7:19  Forge  
  126  7:22  Gateway  
  130  7:23  Probe, Gateway  
  130  7:27  Stalker x2  
  136  7:31  Pylon  
  136  7:32  Photon Cannon  
  135  7:37  Stalker x2  
  139  7:45  Oracle (Chrono Boost)  
  139  7:46  Charge  
  139  7:47  Stalker x2  
  147  7:51  Probe x3  
  147  7:52  Pylon  
  147  7:55  Pylon x2  
  147  7:57  Stalker x2  
  153  8:05  Zealot  
  155  8:17  Stalker x7, Protoss Ground Armor Level 1 (Chrono Boost)  
  155  8:18  Oracle  
  169  8:31  Nexus  
  172  8:34  Pylon  
  172  8:40  Zealot x3  
  172  8:41  Zealot  
  180  9:00  Oracle, Gateway  
  180  9:01  Pylon  
  180  9:02  Zealot x2  
  187  9:03  Templar Archives, Gateway  
  187  9:04  Photon Cannon  
  187  9:07  Photon Cannon  
  187  9:09  Photon Cannon, Stalker x3  
  177  9:18  Stalker x3  
  177  9:19  Stalker  
  161  9:37  Stalker x4  
  161  9:38  Stalker  
  162  9:43  Probe x3  
  165  9:52  Probe x2  
  167  9:55  Protoss Ground Weapons Level 3 (Chrono Boost), Stalker x4  
  175  10:03  Probe  
  176  10:08  Oracle  
  176  10:09  Probe  
  176  10:12  Probe  
  179  10:16  Zealot x5  
  189  10:25  Photon Cannon  
  189  10:26  Protoss Ground Armor Level 2 (Chrono Boost), Photon Cannon  
  189  10:28  Shield Battery  
  189  10:42  Photon Cannon  
  189  10:43  Shield Battery, Stalker x5  
  189  10:44  Pylon  
  197  10:59  Robotics Facility  
  197  11:00  Robotics Facility  
  197  11:10  Stalker x3  
  163  11:38  Oracle  
  163  11:39  High Templar x4  
  155  11:40  Zealot x8  
  155  11:41  Probe x2  
  155  11:43  Archon x2  
  155  11:46  Pylon  
  171  11:47  Unknown  
  171  11:58  Observer (Chrono Boost), Immortal (Chrono Boost)  
  176  12:02  Zealot x8  
  176  12:24  Zealot x4  
  176  12:25  Zealot x7  
  176  12:27  Observer x2 (Chrono Boost)  
  190  12:45  Zealot x5  
  190  12:49  Zealot x7  
  176  13:00  Immortal x2  
  161  13:09  High Templar x6  
  161  13:10  Zealot x3  
  167  13:13  Archon x2  
  167  13:15  Nexus  
  167  13:17  Archon  
  167  13:19  Probe  
  136  13:31  Zealot x3  
  131  13:35  Probe  
  131  13:36  Zealot x2  
  127  13:46  Probe x2  
  120  13:55  Probe  
  121  13:59  Zealot x4  
  121  14:01  Probe  
Tags
 
Add a new tag
Caveats
  • Supply blocks, unpowered buildings, or Contaminate may cause inaccurate times.
  • Supply counts are checked every 10 seconds.